 Dungeon Crawl Stone Soup version 0.28.0-45-g0d030f2227 (webtiles) character file.

Game seed: 9481775511738189045

270961 CryoSword the Markstengu (level 20, -14/134 HPs)
             Began as a Tengu Hunter on Mar 31, 2022.
             Was a High Priest of Fedhas.
             Killed from afar by an ironbound frostheart (29 damage)
             ... by creeping frost
             ... on level 3 of the Vaults.
             The game lasted 02:05:49 (60787 turns).

CryoSword the Markstengu (Tengu Hunter)            Turns: 60787, Time: 02:05:50

Health: -14/134    AC: 17    Str: 20    XL:     20   Next: 22%
Magic:  26/31      EV: 26    Int: 15    God:    Fedhas [*****.]
Gold:   2015       SH:  0    Dex: 17    Spells: 19/19 levels left

rFire   . . .      SeeInvis +   w - +9 longbow (venom)
rCold   . . .      Faith    +   (shield currently unavailable)
rNeg    . . .      Spirit   .   R - +2 troll leather armour
rPois   .          Reflect  .   i - +0 hat of Pleasant Breezes {+Blink Str+4 Slay+2}
rElec   .          Harm     .   k - +2 cloak
rCorr   .          Rampage  .   z - +2 pair of gloves
Will    ++...                   (boots unavailable)
Stlth   +++++.....              B - amulet "Zompoonn" {Faith +Inv Will+}
HPRegen 1.12/turn               p - +4 ring of protection {=R}
MPRegen 0.22/turn               G - ring of see invisible

@: flying quickly and evasively, quick
A: beak, talons 3, nimble flight
}: 2/15 runes: decaying, gossamer
a: Renounce Religion, Evoke Blink, Evoke Invisibility, Wall of Briars, Grow
Ballistomycete, Overgrow, Grow Oklob


You were on level 3 of the Vaults.
You worshipped Fedhas.
Fedhas was extremely pleased with you.
You visited 7 branches of the dungeon, and saw 35 of its levels.
You also visited: Bailey.

You collected 2958 gold pieces.
You spent 943 gold pieces at shops.

Inventory:

Hand Weapons
 a - a +3 scimitar of flaming
   (You took it off Erica on level 10 of the Dungeon)
 w - a +9 longbow of venom (weapon)
   (You took it off a centaur warrior on level 14 of the Dungeon)
Missiles
 d - 154 arrows (quivered ammo)
 e - 30 boomerangs
 f - 51 poisoned darts
 t - 3 silver boomerangs
 x - 4 throwing nets
Armour
 i - the +0 hat of Pleasant Breezes (worn) {+Blink Str+4 Slay+2}
   (You found it on level 4 of the Spider Nest)

   Str:       It affects your strength (+4).
   Slay:      It affects your accuracy & damage with ranged weapons and melee
   (+2).
   +Blink:    It lets you blink.
 k - a +2 cloak (worn)
   (You found it on level 14 of the Dungeon)
 s - a scarf of repulsion
   (You found it on level 4 of the Spider Nest)
 z - a +2 pair of gloves (worn)
   (You bought it in a shop on level 5 of the Dungeon)
 R - a +2 troll leather armour (worn)
   (You found it on level 1 of the Orcish Mines)
Jewellery
 j - a ring of resist corrosion
   (You found it on level 1 of the Dungeon)
 p - a +4 ring of protection (left hand) {=R}
   (You found it on level 5 of the Lair of Beasts)
 B - the amulet "Zompoonn" (around neck) {Faith +Inv Will+}
   (You bought it in a shop on level 2 of the Orcish Mines)

   [amulet of faith]

   It allows you to gain divine favour quickly.
   +Inv:      It lets you turn invisible.
   Will:      It increases your willpower.
 G - a ring of see invisible (right hand)
   (You found it in a bailey)
 K - a ring of willpower
   (You found it on level 9 of the Dungeon)
 M - a ring of poison resistance
   (You took it off a vault sentinel on level 1 of the Vaults)
 Q - a ring of fire
   (You found it on level 4 of the Lair of Beasts)
Wands
 C - a wand of iceblast (37)
   (You found it on level 5 of the Lair of Beasts)
 H - a wand of digging (1)
   (You found it on level 2 of the Lair of Beasts)
 J - a wand of acid (12)
   (You took it off Erica on level 10 of the Dungeon)
Scrolls
 c - 6 scrolls of fog
 h - a scroll of summoning
 n - 7 scrolls of teleportation {@r4}
 v - 8 scrolls of magic mapping
 y - a scroll of enchant armour
 F - a scroll of silence
 I - 2 scrolls of fear
 N - 3 scrolls of blinking
 P - a scroll of amnesia
Potions
 b - 13 potions of mutation {!q}
 g - 11 potions of ambrosia
 l - 5 potions of heal wounds {@q2}
 m - 5 potions of curing {@q1}
 o - 2 potions of brilliance
 q - 2 potions of berserk rage
 r - 8 potions of lignification {!q}
 u - 4 potions of haste {@q3}
 A - 5 potions of might
 D - 4 potions of magic
 E - a potion of resistance
 O - 7 potions of cancellation
Miscellaneous
 L - a box of beasts (inert)
   (You found it on level 6 of the Lair of Beasts)
 S - a condenser vane
   (You found it on level 13 of the Dungeon)
 T - a phantom mirror
   (You found it on level 2 of the Spider Nest)


   Skills:
 + Level 17.1 Fighting
 - Level 20.0 Bows
 - Level 7.0 Armour
 + Level 16.7 Dodging
 + Level 13.6 Stealth
 + Level 14.3 Invocations
 - Level 12.2 Evocations


You had 19 spell levels left.
You didn't know any spells.
Your spell library contained the following spells:

 Spells                   Type           Power      Damage    Failure   Level
 Beastly Appendage        Tmut           0%         N/A       30%         1
 Foxfire                  Conj/Fire      0%         2x1d4     30%         1
 Pain                     Necr           0%         1d4       30%         1
 Sandblast                Erth           0%         2d4       30%         1
 Sting                    Tmut/Pois      0%         1d3       30%         1
 Summon Small Mammal      Summ           0%         N/A       30%         1
 Passwall                 Tmut/Erth      0%         N/A       43%         2
 Poisonous Vapours        Pois/Air       0%         N/A       43%         2
 Scorch                   Fire           0%         2d5       43%         2
 Wereblood                Tmut           0%         N/A       43%         2
 Call Canine Familiar     Summ           0%         N/A       67%         3
 Conjure Flame            Conj/Fire      0%         6-21      67%         3
 Gell's Gravitas          Tloc           0%         N/A       67%         3
 Inner Flame              Hex/Fire       0%         N/A       67%         3
 Lesser Beckoning         Tloc           0%         N/A       67%         3
 Portal Projectile        Hex/Tloc       0%         N/A       67%         3
 Spider Form              Tmut/Pois      0%         N/A       67%         3
 Stone Arrow              Conj/Erth      0%         3d7       67%         3
 Summon Guardian Golem    Hex/Summ       0%         N/A       67%         3
 Teleport Other           Tloc           0%         N/A       67%         3
 Tukima's Dance           Hex            0%         N/A       67%         3
 Cause Fear               Hex            0%         N/A       97%         4
 Flame Wave               Conj/Fire      0%         2d4       97%         4
 Leda's Liquefaction      Hex/Erth       0%         N/A       97%         4
 Olgreb's Toxic Radiance  Pois           0%         N/A       97%         4
 Passage of Golubria      Tloc           0%         N/A       97%         4
 Agony                    Necr           0%         N/A       100%        5
 Alistair's Intoxication  Tmut/Pois      0%         N/A       100%        5
 Blade Hands              Tmut           0%         N/A       100%        5
 Borgnjor's Vile Clutch   Necr/Erth      0%         N/A       100%        5
 Excruciating Wounds      Necr           0%         N/A       100%        5
 Fireball                 Conj/Fire      0%         3d3       100%        5
 Lee's Rapid Deconstruct  Erth           0%         3d5*      100%        5
 Yara's Violent Unravell  Hex/Tmut       0%         3d3       100%        5
 Eringya's Noxious Bog    Tmut/Pois      0%         N/A       100%        6
 Starburst                Conj/Fire      0%         6d3       100%        6
 Statue Form              Tmut/Erth      0%         N/A       100%        6
 Summon Cactus Giant      Summ           0%         N/A       100%        6
 Orb of Destruction       Conj           0%         9d5       100%        7
 Spellforged Servitor     Conj/Summ      0%         N/A       100%        7
 Discord                  Hex            0%         N/A       100%        8
 Ignition                 Fire           0%         3d3       100%        8


Dungeon Overview and Level Annotations

Branches:
Dungeon (15/15)            Temple (1/1) D:6            Lair (6/6) D:10
  Swamp (4/4) Lair:3       Spider (4/4) Lair:3        Slime (0/5) Lair:6
    Orc (2/2) D:10            Elf (0/3) Orc:2        Vaults (3/5) D:13
 Depths (0/4) D:15         Bailey (visited)
  Crypt: Vaults:2-3

Altars:
Ashenzari
Cheibriados
Dithmenos
Elyvilon
Fedhas
Gozag
Hepliaklqana
Kikubaaqudgha
Makhleb
Nemelex Xobeh
Okawaru
Qazlal
Ru
Sif Muna
Trog
Uskayaw
Vehumet
Wu Jian
Xom
Yredelemnul
Zin
The Shining One
Beogh
Ignis

Shops:
D:5 [   Orc:2 ==*[

Annotations:
D:11 1 exclusion
Swamp:4 3 runed translucent doors, P0WERM0DE's ghost, journeyman DrIE
Vaults:3 2 transporters
Vaults:5 !V5


Innate Abilities, Weirdness & Mutations

You have a beak for a mouth.
You have claws for feet.
Your magical nature lets you fly swiftly and evasively.


Message History

You shoot an arrow. The arrow hits the vault sentinel.
The vault sentinel hits you with a +0 falchion.
You shoot an arrow. The arrow hits the vault sentinel!!!
You kill the vault sentinel!
Fedhas appreciates your contribution to the ecosystem.
No target in view!
r - 8 potions of lignification {!q} (gained 1)
d - 156 arrows (gained 2)
Things that are here:
a +0 falchion; a +0 ring mail of poison resistance
d - 160 arrows (gained 4)
Things that are here:
a +0 falchion; a +0 ring mail of poison resistance Could not explore, unopened door.
Could not explore, unopened door.
Could not explore, unopened door.
You reach down and open the door.
Found four items.
Found a transporter.
Found 17 bolts.
There is an open door here.
Found four items.
Found a transporter.
Could not explore, unopened door.
You reach down and open the door.
A centaur warrior comes into view. x2
Found a stone staircase leading down.
There are monsters nearby!
There are monsters nearby!
There are monsters nearby!
You shoot an arrow.
The arrow barely misses the centaur warrior.
The centaur warrior shouts! x2; You hear a shout! x3
An ironbound frostheart comes into view.
You shoot an arrow.
The arrow barely misses the centaur warrior.
The arrow hits the centaur warrior!
The centaur warrior wields a +0 shortbow.
The centaur warrior shoots an arrow.
The arrow completely misses you.
A centaur warrior comes into view.
You shoot an arrow. The arrow hits the centaur warrior!
An ironbound frostheart comes into view.
You shoot an arrow. The arrow hits the centaur warrior!!
The centaur warrior is poisoned.
You hear a shout!
You shoot an arrow.
The arrow completely misses the centaur warrior.
You shoot an arrow. The arrow hits the centaur warrior!
The centaur warrior looks as sick as possible!
The centaur warrior wields a +0 longbow.
The centaur warrior shoots an arrow.
The arrow hits you!
The ironbound frostheart calls freezing cold from the walls.
The frost grips you!!!
You are encased in ice.
The centaur warrior shoots an arrow.
The arrow hits you.
The centaur warrior wields a +0 longbow.
The centaur warrior shoots an arrow.
The arrow hits you.
A briar patch grows up from the ground. x6
The centaur warrior unwields a +0 longbow.
The centaur warrior is struck by your briar patch's thorns.
The centaur warrior hits your briar patch but does no damage.
The centaur warrior kicks your briar patch but does no damage.
The centaur warrior unwields a +0 shortbow.
The centaur warrior hits your briar patch.
The centaur warrior kicks your briar patch.
A centaur warrior comes into view.
The centaur warrior unwields a +0 longbow.
The centaur warrior hits your briar patch!
The centaur warrior kicks your briar patch.
You fly carefully through the plants.
You kill the centaur warrior!
Fedhas appreciates your contribution to the ecosystem.
The centaur warrior hits your briar patch!
The centaur warrior kicks your briar patch but does no damage.
A centaur warrior comes into view.
Something hits your briar patch but does no damage.
Something kicks your briar patch but does no damage.
The centaur warrior hits your briar patch.
Your briar patch is destroyed!
Your briar patch disappears in a puff of smoke!
The centaur warrior wields a +0 shortbow.
The centaur warrior shoots an arrow.
The arrow completely misses you.
The ironbound frostheart calls freezing cold from the walls.
The frost grips you!!
* * * LOW HITPOINT WARNING * * *
The frost grips your briar patch!! x2; The frost grips your briar patch!!!
Your briar patch is destroyed!
Your briar patch disappears in a puff of smoke!
The frost grips your briar patch!! The ice encasing you melts away.
The centaur warrior is struck by your briar patch's thorns.
The centaur warrior hits your briar patch but does no damage.
The centaur warrior completely misses your briar patch.
The centaur warrior unwields a +0 shortbow.
The centaur warrior hits your briar patch.
The centaur warrior kicks your briar patch but does no damage.
Aim: a centaur warrior, quivering arrows (ally target)
Okay, then.
The centaur warrior is struck by your briar patch's thorns.
The centaur warrior hits your briar patch!
Your briar patch is destroyed!
Your briar patch disappears in a puff of smoke!
The centaur warrior is struck by your briar patch's thorns.
The centaur warrior hits your briar patch but does no damage.
The centaur warrior completely misses your briar patch.
Okay, then.
The centaur warrior is struck by your briar patch's thorns.
The centaur warrior hits your briar patch but does no damage.
The centaur warrior kicks your briar patch but does no damage.
Something hits your briar patch!
Something kicks your briar patch but does no damage.
The centaur warrior is struck by your briar patch's thorns.
The centaur warrior hits your briar patch.
The centaur warrior kicks your briar patch but does no damage.
A ballistomycete grows from the ground.
The centaur warrior hits your briar patch!
The centaur warrior kicks your briar patch but does no damage.
The centaur warrior is struck by your briar patch's thorns.
The centaur warrior dies!
Fedhas appreciates your contribution to the ecosystem.
Something hits your briar patch but does no damage.
Something completely misses your briar patch.
The centaur warrior hits your briar patch!
Your briar patch is destroyed!
Your briar patch disappears in a puff of smoke!
The centaur warrior is struck by your briar patch's thorns.
The centaur warrior hits your briar patch but does no damage.
The centaur warrior kicks your briar patch but does no damage.
The centaur warrior wields a +0 longbow.
The centaur warrior shoots an arrow.
The arrow completely misses your ballistomycete.
The arrow hits your ballistomycete spore!!
The explosion of spores engulfs you!!!
You are confused.
* * * LOW HITPOINT WARNING * * *
You bump into the metal wall.
The centaur warrior hits your briar patch.
The centaur warrior kicks your briar patch but does no damage.
The centaur warrior hits your briar patch but does no damage.
The centaur warrior kicks your briar patch but does no damage.
The centaur warrior unwields a +0 longbow.
The centaur warrior hits your ballistomycete.
The centaur warrior kicks your ballistomycete.
You bump into the metal wall.
You feel less confused.
The centaur warrior hits your briar patch but does no damage.
The centaur warrior kicks your briar patch.
The ironbound frostheart calls freezing cold from the walls.
The frost grips you!!
You die...
Fedhas appreciates your contribution to the ecosystem.

#(.#.##.#.....#
##..(p#.P#.....#
..>..c§)c#©./...
......#pP#.....#
##### ##c#.....#
#P# ....# #.#
...# #.#######
#.@....#
######.# #.#
#.############
#.............
##############


You could see an ironbound frostheart, 2 centaur warriors and a friendly
ballistomycete (summoned).

Vanquished Creatures
  Rupert (D:14)
  Jorgrun (Spider:3)
  2 sphinxes (Vaults:2)
  4 tengu reavers
  A fenstrider witch (Swamp:3)
  A vault warden (Vaults:2)
  A deep elf sorcerer (Vaults:1)
  4 emperor scorpions
  A frost giant (D:15)
  6 ghost moths
  An orc warlord (Bailey)
  3 very ugly things
  8 ironbound preservers
  A broodmother (Spider:4)
  2 ironbound thunderhulks (Vaults:1)
  2 war gargoyles
  5 eleionomae
  10 dire elephants (Vaults:1)
  4 entropy weavers
  4 bunyips
  3 crystal guardians (Vaults:2)
  A fire dragon (Lair:6)
  A great orb of eyes (Vaults:2)
  3 peacekeepers
  3 ghost crabs
  22 hydras
  5 boulder beetles
  Erica (D:10)
  3 jorogumos
  3 catoblepae
  3 ogre magi
  22 two-headed ogres
  4 centaur warriors
  3 alligators
  A dancing weapon (Vaults:2)
  7 ironbound frosthearts
  4 death yaks (Lair:6)
  6 tengu warriors
  Urug (Lair:4)
  5 skeletal warriors (D:14)
  A sun moth (Spider:4)
  6 pharaoh ants
  7 spriggan druids
  4 goliath frogs
  26 deep trolls
  7 orb spiders
  3 steelbarb worms
  3 bog bodies
  5 wizards (Vaults:1)
  15 swamp dragons
  A tengu zombie (Vaults:1)
  2 lindwurms
  12 ironbound convokers
  13 harpies
  8 wolf spiders
  3 orc knights
  4 necromancers (Vaults:1)
  19 ugly things
  2 deep elf pyromancers
  3 orc sorcerers
  A manticore (shapeshifter) (Vaults:2)
  5 cyclopes
  A manticore (D:9)
  3 human zombies (Vaults:1)
  5 moths of wrath
  13 elephants
  4 human skeletons (Vaults:1)
  8 black mambas
  13 cane toads
  A gargoyle (D:13)
  2 torpor snails
  11 vault sentinels
  2 molten gargoyles (Lair:6)
  12 demonic crawlers
  4 rime drakes
  A yaktaur zombie (Vaults:1)
  11 komodo dragons
  2 tengu conjurers
  A freezing wraith (D:15)
  5 yaktaurs
  A polar bear (Lair:4)
  19 trolls
  6 meliai
  A meliai (shapeshifter) (D:10)
  11 hornets
  5 tyrant leeches
  16 tarantellas
  Prince Ribbit (D:6)
  8 dream sheep
  21 blink frogs
  An ettin skeleton (Vaults:1)
  19 jumping spiders
  33 slime creatures
  A spriggan (shapeshifter) (D:14)
  8 wyverns
  16 spriggans
  Sigmund (D:4)
  13 culicivoras
  A vampire (D:11)
  3 wraiths
  Eustachio (D:5)
  29 yaks
  11 basilisks
  4 steam dragons
  A yaktaur simulacrum (Vaults:1)
  44 redbacks
  4 wargs
  3 acid dragons
  2 vampire mosquitoes (D:13)
  13 swamp worms
  5 swamp drakes
  11 water moccasins
  3 hell hounds (Lair:6)
  3 necrophages
  23 orc warriors
  A sky beast (D:5)
  24 ogres
  8 boggarts
  23 centaurs
  20 wolves
  2 kobold brigands
  A gnoll sergeant (D:8)
  11 bullfrogs
  7 scorpions
  A water moccasin zombie (D:6)
  6 killer bees (D:9)
  11 wights
  A howler monkey (D:8)
  4 lava snakes (Lair:6)
  A crimson imp (D:3)
  8 centaur zombies
  4 hounds
  16 jellies
  2 centaur skeletons (D:5)
  19 orc priests
  2 iguanas (D:5)
  16 orc wizards
  4 hell rats (Lair:4)
  A killer bee zombie (D:5)
  A hound skeleton (D:4)
  2 howler monkey zombies
  12 gnolls
  10 adders
  A shadow imp (D:8)
  A white imp (D:6)
  3 worms
  6 dart slugs
  78 orcs
  10 endoplasms
  5 giant cockroaches
  25 goblins
  12 hobgoblins
  5 jackals (D:1)
  36 kobolds
  A quokka (D:5)
  2 ball pythons
  8 bats
  2 frilled lizards
  A goblin zombie (D:3)
  2 hobgoblin zombies (D:3)
  2 kobold skeletons (D:3)
  3 orc skeletons (D:3)
  6 rats
  A ballistomycete spore (D:14)
1182 creatures vanquished.

Vanquished Creatures (collateral kills)
  Mlioglotl (Spider:1)
  A lich (Vaults:2)
  A sphinx (Vaults:1)
  An emperor scorpion (Spider:4)
  A war gargoyle (Vaults:1)
  An ironbound preserver (Vaults:1)
  A dire elephant (Vaults:1)
  A crystal guardian (Vaults:2)
  A yaktaur captain (Vaults:2)
  A peacekeeper (Vaults:2)
  2 centaur warriors
  2 ironbound frosthearts (Vaults:1)
  2 two-headed ogres
  2 death yaks (Lair:6)
  2 deep trolls
  2 harpies (Vaults:2)
  3 ugly things
  A wolf spider (Spider:4)
  3 elephants (Lair:6)
  A torpor snail (Lair:6)
  2 komodo dragons
  A troll (Orc:2)
  2 dream sheep (Lair:6)
  4 jumping spiders (Spider:4)
  A culicivora (Spider:1)
  3 yaks
  A basilisk (Lair:6)
  4 redbacks (Spider:4)
  A warg (Orc:1)
  An orc warrior (Orc:2)
  3 boggarts (Vaults:2)
  3 wolves
  5 orcs
  An endoplasm (Lair:6)
  63 ballistomycete spores
125 creatures vanquished.

Vanquished Creatures (others)
  A bunyip (Swamp:3)
  3 shambling mangroves
  2 bloated husks
  10 hornets
  A tyrant leech (Swamp:3)
  A spriggan (Swamp:3)
  A swamp worm (Swamp:3)
  A boggart (Vaults:2)
  An orc wizard (D:9)
  9 ballistomycete spores
  2 bushes
  57 fungi
  60 plants
149 creatures vanquished.

Grand Total: 1456 creatures vanquished

Notes
Turn   | Place    | Note
-------+----------+-------------------------------------------
     0 | D:1      | CryoSword the Tengu Hunter began the quest for the Orb.
     0 | D:1      | Reached XP level 1. HP: 12/12 MP: 2/2
    77 | D:1      | Reached XP level 2. HP: 8/17 MP: 3/3
   934 | D:1      | Reached XP level 3. HP: 10/21 MP: 4/4
  1266 | D:1      | Reached skill level 5 in Bows
  1680 | D:2      | Reached XP level 4. HP: 16/27 MP: 5/5
  2686 | D:3      | Found a glowing golden altar of the Shining One.
  2699 | D:3      | Gained mutation: Your magical nature lets you fly swiftly
                  | and evasively. [Tengu growth]
  2699 | D:3      | Reached XP level 5. HP: 23/32 MP: 6/6
  3432 | D:3      | Found a hide-covered altar of Uskayaw.
  3591 | D:3      | Found a snail-covered altar of Cheibriados.
  4485 | D:3      | Reached skill level 6 in Bows
  4485 | D:3      | Reached XP level 6. HP: 10/37 MP: 7/7
  4888 | D:4      | You are sucked into a shaft and drop 2 floors!
  4894 | D:5      | Entered Level 5 of the Dungeon
  4894 | D:5      | Noticed a necrophage
  5105 | D:4      | Found a white marble altar of Elyvilon.
  5444 | D:4      | Found an ancient bone altar of Kikubaaqudgha.
  5493 | D:4      | Noticed Sigmund
  5521 | D:4      | Killed Sigmund
  5522 | D:4      | Reached XP level 7. HP: 38/42 MP: 8/8
  5877 | D:4      | Found a stormy altar of Qazlal.
  6053 | D:5      | Reached skill level 7 in Bows
  6512 | D:5      | Noticed Eustachio
  6722 | D:4      | Reached XP level 8. HP: 39/48 MP: 9/9
  6951 | D:5      | Killed Eustachio
  6956 | D:5      | Reached skill level 5 in Dodging
  7126 | D:5      | Reached skill level 8 in Bows
  7145 | D:5      | Found Iptue's Antique Armour Emporium.
  7367 | D:5      | Bought a dyed leather armour for 120 gold pieces
  7367 | D:5      | Bought a pair of gloves for 108 gold pieces
  7775 | D:6      | Noticed Prince Ribbit
  7789 | D:6      | Killed Prince Ribbit
  7790 | D:6      | Reached skill level 5 in Fighting
  7790 | D:6      | Reached skill level 5 in Stealth
  7790 | D:6      | Found a shadowy altar of Dithmenos.
  8159 | D:5      | Reached XP level 9. HP: 34/54 MP: 10/10
  8277 | D:5      | Reached skill level 9 in Bows
  8867 | D:6      | Found a staircase to the Ecumenical Temple.
  8907 | Temple   | Entered the Ecumenical Temple
  8951 | Temple   | Became a worshipper of Fedhas Madash
 10146 | D:7      | Found a sacrificial altar of Ru.
 10223 | D:7      | Reached skill level 10 in Bows
 10412 | D:7      | Found a flagged portal.
 10434 | Bailey   | Entered a bailey
 10475 | Bailey   | Reached * piety under Fedhas
 10504 | Bailey   | Noticed an orc warlord
 10626 | Bailey   | Found a runed translucent gate.
 10629 | Bailey   | Found a runed translucent gate.
 10631 | Bailey   | Found a runed translucent gate.
 11026 | Bailey   | Killed an orc warlord
 11027 | Bailey   | Reached XP level 10. HP: 37/61 MP: 11/11
 11222 | Bailey   | Identified the ring of Paranoia {EV+4 Dex+4}
 11237 | Bailey   | Acquired a manual of Evocations
 11239 | Bailey   | Acquired the amulet "Jiesuemn" {Acrobat Dex+2}
 11377 | D:7      | Noticed a two-headed ogre
 11514 | D:7      | Killed a two-headed ogre
 11515 | D:7      | Reached skill level 11 in Bows
 12108 | D:8      | Reached skill level 1 in Evocations
 12438 | D:8      | Reached ** piety under Fedhas
 12750 | D:8      | Found a bloodstained altar of Trog.
 13512 | D:9      | Noticed a red ugly thing
 13769 | D:9      | Reached skill level 12 in Bows
 13799 | D:9      | Reached skill level 1 in Invocations
 14456 | D:9      | Noticed a manticore
 14479 | D:9      | Killed a manticore
 14480 | D:9      | Reached XP level 11. HP: 34/68 MP: 11/13
 14805 | D:10     | Entered Level 10 of the Dungeon
 15252 | D:10     | Noticed a two-headed ogre
 15267 | D:10     | Killed a two-headed ogre
 15268 | D:10     | Reached skill level 5 in Evocations
 15448 | D:10     | Noticed a two-headed ogre
 15683 | D:10     | Found an opulent altar of Gozag.
 15736 | D:9      | Reached *** piety under Fedhas
 16312 | D:9      | Reached skill level 13 in Bows
 16895 | D:10     | Noticed an orc knight
 16937 | D:9      | Killed an orc knight
 17208 | D:10     | Found a staircase to the Orcish Mines.
 17672 | D:10     | Found a staircase to the Lair.
 17837 | D:10     | Killed a two-headed ogre
 17988 | D:10     | Noticed Erica
 18002 | D:10     | Killed Erica
 18228 | D:10     | Noticed a shock serpent
 18229 | D:10     | Noticed a radroach
 18229 | D:10     | a shock serpent changed into a radroach
 18326 | D:10     | Noticed a white ugly thing
 18327 | D:10     | Noticed an entropy weaver
 18327 | D:10     | Noticed a satyr
 18327 | D:10     | an entropy weaver changed into a satyr
 18338 | D:10     | Noticed an anaconda
 18342 | D:10     | Noticed a shining eye
 18342 | D:10     | an anaconda changed into a shining eye
 18678 | Lair:1   | Entered Level 1 of the Lair of Beasts
 18710 | Lair:1   | Noticed a five-headed hydra
 18720 | Lair:1   | Reached XP level 12. HP: 65/75 MP: 16/16
 19395 | D:11     | Noticed an eight-headed hydra
 19411 | D:11     | Killed an eight-headed hydra
 19412 | D:11     | Reached skill level 14 in Bows
 19435 | D:11     | Noticed a two-headed ogre
 19446 | D:11     | Killed a two-headed ogre
 19711 | D:11     | Noticed a two-headed ogre
 19719 | D:11     | Killed a two-headed ogre
 19741 | D:11     | Noticed a boulder beetle
 20003 | D:11     | Noticed a two-headed ogre
 20012 | D:11     | Killed a two-headed ogre
 20013 | D:11     | Reached skill level 5 in Invocations
 20716 | D:10     | Killed a five-headed hydra
 21273 | Lair:1   | Reached **** piety under Fedhas
 21617 | Lair:2   | Reached skill level 15 in Bows
 22461 | Lair:2   | Reached skill level 10 in Evocations
 22467 | Lair:2   | Reached skill level 10 in Fighting
 22467 | Lair:2   | Reached XP level 13. HP: 82/82 MP: 18/18
 23049 | Lair:3   | Found a staircase to the Swamp.
 23440 | Lair:3   | Found a hole to the Spider Nest.
 23940 | Lair:3   | Reached skill level 16 in Bows
 24622 | Lair:4   | Reached ***** piety under Fedhas
 24694 | Lair:4   | Noticed Urug
 24712 | Lair:4   | Killed Urug
 27002 | Lair:6   | Entered Level 6 of the Lair of Beasts
 27063 | Lair:6   | Reached XP level 14. HP: 88/88 MP: 18/20
 27659 | Lair:6   | Found a staircase to the Slime Pits.
 27746 | Lair:6   | Reached skill level 17 in Bows
 29910 | Lair:6   | Found a large runed translucent door.
 29910 | Lair:6   | Found a large runed translucent door.
 31869 | Orc:1    | Entered Level 1 of the Orcish Mines
 32045 | Orc:2    | Entered Level 2 of the Orcish Mines
 32800 | Orc:1    | Paralysed by an orc sorcerer for 3 turns
 33452 | Orc:2    | Reached XP level 15. HP: 96/96 MP: 19/22
 33571 | Orc:2    | Found a staircase to the Elven Halls.
 33615 | Orc:2    | Paralysed by an ogre mage for 2 turns
 33868 | Orc:2    | Reached skill level 18 in Bows
 34423 | Orc:2    | Found Guggatu's Jewellery Shop.
 34451 | Orc:2    | Reached skill level 10 in Dodging
 34485 | Orc:2    | Found Voite's Jewellery Shop.
 34499 | Orc:2    | Found Jiuruth's General Store.
 34525 | Orc:2    | Found Omumauc's Antique Armour Boutique.
 35084 | Orc:2    | Bought the amulet "Zompoonn" {Faith +Inv Will+} for 715
                  | gold pieces
 35870 | D:12     | Reached skill level 10 in Stealth
 37811 | D:13     | Found a gate to the Vaults.
 38135 | D:14     | Noticed Rupert
 38146 | D:14     | Reached skill level 19 in Bows
 38185 | D:14     | Killed Rupert
 38416 | D:14     | Reached XP level 16. HP: 103/103 MP: 24/24
 39736 | D:15     | Entered Level 15 of the Dungeon
 39904 | D:15     | Found an iron altar of Okawaru.
 40662 | D:15     | Reached skill level 10 in Invocations
 40706 | D:15     | Found a staircase to the Depths.
 41364 | Spider:1 | Entered Level 1 of the Spider Nest
 41858 | Spider:1 | Reached skill level 20 in Bows
 42350 | Spider:1 | Noticed Mlioglotl
 42366 | Spider:1 | Killed Mlioglotl
 42825 | Spider:2 | Identified the +2 ring mail "Gerraikk" {Fly rF+++ rCorr
                  | Slay-5}
 43848 | Spider:3 | Reached XP level 17. HP: 110/110 MP: 26/26
 43991 | Spider:3 | Noticed Jorgrun
 44003 | Spider:3 | Killed Jorgrun
 45093 | Spider:4 | Entered Level 4 of the Spider Nest
 47655 | Spider:4 | Paralysed by a hornet for 2 turns
 48162 | Spider:4 | Got a gossamer rune of Zot
 48175 | Spider:4 | Identified the +0 hat of Pleasant Breezes {+Blink Str+4
                  | Slay+2}
 48373 | Swamp:1  | Entered Level 1 of the Swamp
 48390 | Lair:3   | Reached skill level 15 in Fighting
 49550 | Swamp:2  | Reached XP level 18. HP: 119/119 MP: 28/28
 49823 | Swamp:3  | Reached ****** piety under Fedhas
 51603 | Swamp:4  | Entered Level 4 of the Swamp
 53404 | Swamp:4  | Reached skill level 15 in Dodging
 53739 | Swamp:4  | Got a decaying rune of Zot
 54118 | Swamp:4  | Reached skill level 1 in Armour
 54654 | Swamp:4  | Found a runed translucent gate.
 54654 | Swamp:4  | Found a runed translucent gate.
 54654 | Swamp:4  | Found a runed translucent gate.
 54808 | Swamp:4  | Noticed P0WERM0DE's ghost (journeyman DrIE)
 55176 | Vaults:1 | Entered Level 1 of the Vaults
 56902 | Vaults:1 | Reached XP level 19. HP: 125/125 MP: 29/29
 57471 | Vaults:1 | Reached skill level 5 in Armour
 59573 | Vaults:2 | Reached XP level 20. HP: 89/133 MP: 23/31
 60718 | Vaults:3 | Found a transporter.
 60763 | Vaults:3 | Found a transporter.
 60787 | Vaults:3 | Killed from afar by an ironbound frostheart

Illustrated notes

Levels and vault maps discovered:
D:1:      dpeg_arrival_arbitrary_b, layout_basic, serial_co_window_serial,
          co_window_paths_a, co_window_paths_a, co_window_corner_a,
          co_window_paths_b, co_window_paths_a, co_window_corner_b,
          co_window_2corner, co_window_unsneaky_path_a,
          co_window_of_opportunity_c, co_window_corner_ca, co_window_cross_3,
          co_window_4corner_b, serial_bayou_pond_a, minivault_14
D:2:      layout_basic, minmay_domino_4
D:3:      layout_basic, nicolae_tso_besieged_by_evil, grunt_temple_overflow_open
D:4:      layout_cave_pods, mainiacjoe_overflow_24_doors,
          mainiacjoe_overflow_boulevard, kennysheep_little_box,
          amcnicky_mini_rare_corridor_liquid, uniq_sigmund
D:5:      corexii_shantytown, layout_loops_ring, serial_shops,
          nicolae_shop_stone, grunt_decor_junction, uniq_eustachio
D:6:      layout_basic, amcnicky_altar_gilded, minmay_temple_entry_arrows,
          uniq_prince_ribbit1
D:7:      layout_basic, nicolae_ru_sacrificial_ziggurat, enter_bailey_7,
          serial_curves, eino_curves_01, eino_curves_02, eino_curves_04
D:8:      layout_loops_cross, trog_hazing_becter
D:9:      layout_basic
D:10:     nzn_winding_woodlands_three_and_one [nzn_winding_woodlands_5x15_eye,
          nzn_winding_woodlands_5x15_crooked,
          nzn_winding_woodlands_5x15_sidewinder,
          nzn_winding_woodlands_center_diamonds], layout_rooms,
          nicolae_overflow_crystal_walls, erik_lair_dragon, david_orc_5,
          minivault_11, uniq_erica
D:11:     layout_irregular_city, abandoned_shop
D:12:     layout_loops_corners, grunt_ministairs_11
D:13:     layout_basic, david_vaults_1
D:14:     layout_rooms, uniq_rupert
D:15:     grunt_enter_depths_snipers, layout_stronghold, okawaru_gym_becter
Temple:   pdpol_scorched_temple
Lair:1:   layout_hall_layers
Lair:2:   layout_hall_layers, grunt_megastairs_1
Lair:3:   layout_chaotic_city, skrybe_swamp_entry_bodies,
          nicolae_spider_entry_non_spiders
Lair:4:   layout_roguey, serial_bayou_pond_e, uniq_urug
Lair:5:   layout_gridlike
Lair:6:   cheibrodos_lair_end_hotspot, layout_cave_pods,
          minmay_slime_entry_jelly_boxes
Swamp:1:  layout_basic_swamp, serial_swamp_ruin, evilmike_swamp_ruin_rubble_2,
          evilmike_swamp_ruin_house_6
Swamp:2:  layout_falls_marsh, nicolae_swamp_very_dense_foliage, swamp_pool1
Swamp:3:  nicolae_swamp_tree_isthmus, layout_basic_swamp,
          evilmike_swamp_ruin_house_1
Swamp:4:  swamp_alternative, layout_basic_swamp, gammafunk_ghost_necromancy,
          swamp_pool2, kb_tengu_band
Spider:1: layout_chambers, uniq_mlioglotl
Spider:2: layout_cave_pods
Spider:3: layout_spider_delve, nicolae_spider_stair_cavern, uniq_jorgrun
Spider:4: spider_rune_water
Orc:1:    layout_diamond_mine
Orc:2:    st_orc_open, layout_caves
Vaults:1: v_misc_27, ontoclasm_vaults_eye, ontoclasm_vaults_twist,
          dpeg_vaults_monster_box, v_misc_33, v_alt_pattern_1,
          vaults_standard_mumra_lines, ontoclasm_vaults_pinch,
          hangedman_vaults_corner, nicolae_vaults_minivaults,
          ontoclasm_vaults_gateway, layout_vaults_ring
Vaults:2: nicolae_vaults_network_star, nicolae_vaults_alarming, v_misc_18,
          v_pattern_1, kb_rosetta, vaults_room_semicircle, vaults_mumra_lcd,
          nicolae_vaults_network_quinsquares
          [nicolae_vaults_network_quincunx_subvault,
          nicolae_vaults_network_quincunx_subvault,
          nicolae_vaults_network_quincunx_subvault,
          nicolae_vaults_network_quincunx_subvault], hangedman_vaults_trim,
          ontoclasm_vaults_ring_square, layout_vaults_omnibox
Vaults:3: nicolae_vaults_network_square, v_misc_13,
          nicolae_vaults_ninety_degrees, gammafunk_dig_for_victory,
          minmay_crypt_entry_simple_walls, vaults_room_pool,
          hangedman_vaults_slice, v_alt_pattern_5, layout_vaults_omnigrid

Skill      XL: |  1  2  3  4  5  6  7  8  9 10 11 12 13 14 15 16 17 18 19 20 |
---------------+-------------------------------------------------------------+-----
Bows           | 5 6 7 8 10 12 13 15 16 17 19 20 | 20.0
Stealth        | 2 3 4 5 7 8 9 10 12 13 | 13.6
Dodging        | 3 4 5 7 8 9 11 12 14 15 16 | 16.7
Fighting       | 3 4 5 6 7 8 10 11 12 13 15 16 17 | 17.1
Evocations     | 4 7 10 11 12 | 12.2
Invocations    | 1 4 5 7 8 9 10 12 13 14 | 14.3
Armour         | 3 7 |  7.0

Action                   |  1- 3 |  4- 6 |  7- 9 | 10-12 | 13-15 | 16-18 | 19-21 || total
-------------------------+-------+-------+-------+-------+-------+-------+-------++-------
Melee: Short sword       |    17 |       |       |       |       |       |       ||    17
       Kick              |    20 |    42 |    21 |     1 |    32 |     1 |       ||   117
       Peck              |     9 |    30 |    14 |       |    15 |     2 |       ||    70
       Whip              |    61 |   147 |    54 |       |       |       |       ||   262
       Punch             |     1 |     2 |     1 |     1 |     1 |       |       ||     6
       Scimitar          |       |       |       |     6 |    67 |     4 |       ||    77
       Longbow           |       |       |       |       |       |       |     1 ||     1
 Fire: Shortbow          |       |     3 |   431 |   991 |  1840 |    92 |       ||  3357
       Longbow           |       |       |       |       |       |  1647 |   627 ||  2274
Throw: Boomerang         |       |       |       |       |     3 |       |       ||     3
Invok: Wall of Briars    |       |       |       |    15 |    22 |    26 |    20 ||    83
       Grow Ballistomyce |       |       |       |       |    10 |     8 |     9 ||    27
       Overgrow          |       |       |       |       |     2 |     2 |     2 ||     6
       Grow Oklob        |       |       |       |       |       |     4 |     3 ||     7
 Abil: Evoke Invisibilit |       |       |       |       |       |     1 |       ||     1
Evoke: Wand              |       |       |       |       |     3 |       |       ||     3
       Box of beasts     |       |       |       |       |     2 |     4 |     1 ||     7
       Condenser vane    |       |       |       |       |     1 |     1 |       ||     2
       Phantom mirror    |       |       |       |       |       |     2 |       ||     2
  Use: Scroll            |     1 |     2 |     4 |     6 |     9 |    31 |     2 ||    55
       Potion            |       |     1 |     1 |     1 |     2 |     3 |       ||     8
 Stab: Sleeping          |       |     3 |       |     1 |       |       |       ||     4
Armor: Leather armour    |    21 |    20 |    11 |    54 |       |    31 |       ||   137
       Ring mail         |       |    17 |    20 |       |       |       |       ||    37
       Acid dragon scale |       |       |       |    12 |    56 |       |       ||    68
       Troll leather arm |       |       |       |       |    31 |   153 |    41 ||   225
       Swamp dragon scal |       |       |       |       |       |    18 |       ||    18
Dodge: Dodged            |    62 |   120 |   151 |   438 |   616 |   614 |   215 ||  2216
